 Dungeon Crawl Stone Soup version 0.30.0-5-g1a98f26d00 (webtiles) character file.

Game seed: 11465030998647983956

2 SnakkuSnakku7 the Cudgeller (level 1, -2/18 HPs)
             Began as a Human Cinder Acolyte on May 13, 2023.
             Was a High Priest of Ignis.
             Slain by a goblin
             ... wielding a +0 club
              (3 damage)
             ... on level 1 of the Dungeon.
             The game lasted 00:00:11 (119 turns).

SnakkuSnakku7 the Cudgeller (Human Cinder Acolyte)   Turns: 119, Time: 00:00:11

Health: -2/18      AC:  2    Str: 14    XL:     1   Next: 33%
Magic:  2/2        EV: 11    Int: 14    God:    Ignis [*****.]
Gold:   7          SH:  0    Dex:  8    Spells: 2/2 levels left

rFire   + . .        a - -1 mace (flame)
rCold   . . .        (no shield)
rNeg    . . .        b - +0 robe
rPois   .            (no helmet)
rElec   .            (no cloak)
rCorr   .            (no gloves)
SInv    .            (no boots)
Will    .....        (no amulet)
Stlth   +            (no ring)
HPRegen 0.23/turn    (no ring)
MPRegen 0.08/turn

%: no passive effects
@: no status effects
A: no striking features
a: Renounce Religion, Fiery Armour, Foxfire Swarm, Rising Flame


You were on level 1 of the Dungeon.
You worshipped Ignis.
Ignis was extremely pleased with you.
You visited 1 branch of the dungeon, and saw 1 of its levels.

You collected 7 gold pieces.

Inventory:

Hand Weapons
 a - a -1 mace of flaming (weapon)
Armour
 b - a +0 robe (worn)


   Skills:
 - Level 3.0 Fighting
 + Level 3.1 Maces & Flails
 - Level 1.0 Spellcasting
 - Level 3.0 Fire Magic


You had 2 spell levels left.
You didn't know any spells.
Your spell library contained the following spells:

 Spells                   Type           Power      Damage    Failure   Level
 Scorch                   Fire           18%        2d5       12%         2


Dungeon Overview and Level Annotations

Branches:
Dungeon (1/15)

Altars:


Message History

The goblin shouts!
A goblin is nearby!
The goblin completely misses you.
You hit the goblin. You burn the goblin.
You kill the goblin!
You see here a +0 dagger.
Found a leather armour.
A goblin comes into view. It is wielding a +0 dagger.
The goblin shouts!
The goblin moves out of view.
Found a scroll labelled SUCUKL APAQOEST.
A goblin is nearby!
A kobold comes into view. It is wielding a +0 club.
The kobold shouts!
The goblin misses you.
You barely miss the goblin.
A goblin comes into view. It is wielding a +0 club.
The goblin hits you with a +0 dagger.
You barely miss the goblin.
The goblin shouts!
The goblin barely misses you. The goblin hits you with a +0 dagger.
You closely miss the goblin. The goblin hits you with a +0 dagger.
You hit the kobold. You burn the kobold.
The kobold is severely wounded.
The kobold hits you with a +0 club. The goblin hits you but does no damage.
The kobold hits you with a +0 club. The goblin attacks as you move away!
The goblin closely misses you. The goblin attacks as you move away!
The goblin hits you with a +0 club. The kobold hits you with a +0 club.
* * * LOW HITPOINT WARNING * * *
The kobold attacks as you move away! The kobold barely misses you.
The goblin attacks as you move away! The goblin hits you with a +0 club.
* * * LOW HITPOINT WARNING * * *
The kobold attacks as you move away! The kobold hits you but does no damage.
The goblin attacks as you move away! The goblin barely misses you.
You closely miss the goblin. The goblin misses you.
You closely miss the goblin. The goblin hits you with a +0 club.
* * * LOW HITPOINT WARNING * * *
The goblin hits you with a +0 club.
You die...

#.#P#.#.##### .
#.#.#.#.#...########...
..#.#.#.#.#..........#
#.#...#.#.####...#####
#.#.###.#.# #..#.#
#.#...#.#.###.##.# #..
..###.#.#)#...##.# #.. .#
#.#...#(#.######.# #.# .# #
#.#.#####.# #@# #.# .. ..
..#.......# #g### #.# .# ...
################Kg.###.###.##....
.....................?..
##########....###....#..
###...........#
#................#
#.####...........# #..........##


You could see 2 goblins and a kobold.

Vanquished Creatures
  A goblin (D:1)
  A rat (D:1)
2 creatures vanquished.

Notes
Turn   | Place    | Note
-------+----------+-------------------------------------------
     0 | D:1      | SnakkuSnakku7 the Human Cinder Acolyte began the quest for
                  | the Orb.
     0 | D:1      | Reached XP level 1. HP: 18/18 MP: 2/2
   119 | D:1      | Slain by a goblin

Illustrated notes

Levels and vault maps discovered:
D:1:      onia_arrival_mini_maze, layout_rooms

Action                     || total
---------------------------++-------
  Melee: Mace              ||     9
 Armour: Robe              ||     2
  Dodge: Dodged            ||     8
